 Dungeon Sprint DCSS version 0.29.1-15-g9cfb28693d (webtiles) character file.

Game seed: 17218117476408758681

6 Groucho the Trooper (level 1, -8/31 HPs)
             Began as a Naga Fighter on Apr 7, 2023.
             Mangled by an iguana (12 damage)
             ... in the Dungeon (Sprint IX: "|||||||||||||||||||||||||||||").
             The game lasted 00:00:21 (475 turns).

Groucho the Trooper (Naga Fighter)                   Turns: 475, Time: 00:00:21

Health: -8/31      AC:  4    Str: 18    XL:     1   Next: 90%
Magic:  1/1        EV:  7    Int:  8    God:
Gold:   0          SH:  4    Dex: 10    Spells: 0/0 levels left

rFire   . . .      SeeInvis +   a - +0 war axe
rCold   . . .      Faith    .   c - +0 buckler
rNeg    . . .      Spirit   .   b - +0 scale mail
rPois   +          Reflect  .   (no helmet)
rElec   .          Harm     .   (no cloak)
rCorr   .          Rampage  .   (no gloves)
Will    .....      NoTele   +   (no barding)
Stlth   ..........              (no amulet)
HPRegen 0.10/turn               (no ring)
MPRegen 0.07/turn               (no ring)

@: berserking, hasted, quick
A: AC +0, large, see invisible, deformed body, poison resistance, slowness 2,
spit poison 1, naga tail 1
a: Spit Poison


You were in the Dungeon.
You visited 1 branch

Inventory:

Hand Weapons
 a - a +0 war axe (weapon)
Armour
 b - a +0 scale mail (worn)
 c - a +0 buckler (worn)
Scrolls
 j - a scroll of blinking
Potions
 d - a potion of might
 e - a potion of curing
 h - 2 potions of magic


   Skills:
 + Level 3.4 Fighting
 + Level 2.6 Axes
 + Level 2.8 Armour
 + Level 3.1 Shields


You couldn't memorise any spells.
You didn't know any spells.
Your spell library was empty.

Dungeon Overview and Level Annotations

Branches:
Dungeon (1/1)

Altars:


Innate Abilities, Weirdness & Mutations

Your serpentine skin is tough. (AC +0)
You have supernaturally acute eyesight. (SInv)
Armour fits poorly on your strangely shaped body.
Your system is resistant to poisons. (rPois)
You cover ground very slowly.
You can spit poison.
You have a snake-like lower body.


Message History

HP restored.
You start waiting.
Done waiting.
You start waiting.
Done waiting.
You start waiting.
Done waiting.
You open the door.
A white imp, a hound, an adder and 2 iguanas come into view.
The iguana hisses angrily.
The white imp shouts!
The hound barks!
The adder hisses angrily.
The iguana hisses angrily.
You feel yourself speed up. The iguana bites you!
Ouch! That really hurt!
You hit the iguana.
The iguana is lightly wounded.
You block the iguana's attack.
Unknown command.
You feel much better. The iguana bites you!
A red film seems to cover your vision as you go berserk!
You feel yourself moving faster!
You feel mighty!
You barely miss the iguana.
The iguana is lightly wounded.
The iguana bites you!
* * * LOW HITPOINT WARNING * * *
You closely miss the iguana.
The iguana is lightly wounded.
The iguana closely misses you.
You hit the iguana.
The iguana is moderately wounded.
The iguana bites you.
* * * LOW HITPOINT WARNING * * *
You hit the iguana.
The iguana is severely wounded.
The iguana barely misses you.
Unknown command.
Unknown command.
You barely miss the iguana.
The iguana is severely wounded.
The iguana bites you!
You die...

▓+▓
▓.▓
▓l▓
▓5▓
▓h▓
▓S▓
▓l▓
▓@▓
▓.▓
▓.▓
▓.▓
▓.▓
▓)▓
▓.▓
▓.▓
▓.▓


You could see 2 iguanas, a hound, an adder and a white imp.

Vanquished Creatures
  A ball python (D)
  An endoplasm (D)
  A giant cockroach (D)
  A goblin (D)
  A rat (D)
5 creatures vanquished.

Notes
Turn   | Place    | Note
-------+----------+-------------------------------------------
     0 | D        | Groucho the Naga Fighter began the quest for the Orb.
     0 | D        | Reached XP level 1. HP: 21/21 MP: 1/1
   466 | D        | Noticed an iguana
   466 | D        | Noticed a hound
   466 | D        | Noticed an iguana
   475 | D        | Mangled by an iguana

Illustrated notes

Levels and vault maps discovered:
D:        linesprint [early_d, line_temple, items_1, d_10, items_2, lair_1,
          lair_end, items_3, orc_1, orc_end, items_4, d_15, swamp_1, shoals_1,
          snake_1, spider_1, d_20, vaults_1, items_5, swamp_end, shoals_end,
          snake_end, spider_end, vaults_end, d_27, items_6, zot_1, zot_end,
          crypt_end, forest_end, elf_end, slime_end, tomb_end, abyss_end,
          pan_hell_end]

Skill      XL: |  1 |
---------------+----+-----
Shields        | 3 |  3.1
Fighting       | |  3.4
Axes           | |  2.6
Armour         | |  2.8

Action                   || total
-------------------------++-------
Melee: War axe           ||    26
  Use: Potion            ||     3
Armor: Scale mail        ||     8
Dodge: Dodged            ||    11
Block: Buckler           ||     5
